 Dungeon Crawl Stone Soup version 0.30-a0-726-gd89dcf765f (webtiles) character file.

Game seed: 13507936238876535785

67693 sokol815 the Unseen (level 15, -5/72 HPs)
             Began as a Vine Stalker Warper on Jan 29, 2023.
             Was a Believer of Uskayaw.
             Slain by a two-headed ogre
             ... wielding a +0 giant spiked club
              (12 damage)
             ... on level 2 of the Orcish Mines.
             The game lasted 01:02:37 (15963 turns).

sokol815 the Unseen (Vine Stalker Warper)          Turns: 15963, Time: 01:02:38

Health: -5/72      AC: 12    Str: 23    XL:     15   Next: 24%
Magic:  0/20       EV: 15    Int: 17    God:    Uskayaw [**....]
Gold:   824        SH:  0    Dex: 21    Spells: 4/19 levels left

rFire   + . .      SeeInvis .    b - +6 scimitar "Miobamuo" {vamp, rElec Str+4}
rCold   + . .      Faith    .    (no shield)
rNeg    . . .      Spirit   +    u - +0 troll leather armour
rPois   .          Reflect  .    w - +1 helmet
rElec   +          Harm     .    G - +1 cloak {rC+}
rCorr   .          Rampage  .    Q - +0 pair of gloves "Wubreodgh" {Str+4}
Will    ++...                    k - +2 pair of boots
Stlth   ++++++                   y - amulet "Tupoecvola" {RegenMP Dex+5}
HPRegen 1.92/turn                F - ring of protection from fire {rF+, !d}
MPRegen 0.57/turn                W - ring of willpower

@: no status effects
A: fangs 3, regeneration 1, magic shield, antimagic bite, no potion heal 2, wild
magic 1, noise suppression
a: Renounce Religion, Stomp, Line Pass


You were on level 2 of the Orcish Mines.
You worshipped Uskayaw.
Uskayaw was noncommittal.
You visited 4 branches of the dungeon, and saw 17 of its levels.
You visited 1 bazaar.
You also visited: Ossuary and Ice Cave.

You collected 1734 gold pieces.
You spent 910 gold pieces at shops.

Inventory:

Hand Weapons
 a - a +2 vampiric dagger
   (You bought it in a shop in a bazaar)
 b - the +6 scimitar "Miobamuo" (weapon) {vamp, rElec Str+4}
   (You bought it in a shop in a bazaar)

   Str:       It affects your strength (+4).
   rElec:     It insulates you from electricity.
 c - a +0 rapier of electrocution
   (You bought it in a shop in a bazaar)
 i - a +2 vampiric short sword
   (You took it off a kobold brigand on level 6 of the Dungeon)
 v - a +1 scimitar of flaming
   (You took it off Azrael on level 2 of the Orcish Mines)
 I - a +2 demon blade of freezing
   (You found it in an ice cave)
Missiles
 x - 11 boomerangs of dispersal {=f}
 z - 4 datura-tipped darts
 N - 64 poisoned darts
 O - 5 curare-tipped darts
 Z - 3 javelins
Armour
 k - a +2 pair of boots (worn)
   (You found it on level 3 of the Dungeon)
 u - a +0 troll leather armour (worn)
   (You found it on level 12 of the Dungeon)
 w - a +1 helmet (worn)
   (You found it on level 8 of the Dungeon)
 G - a +1 cloak of cold resistance (worn)
   (You found it in an ice cave)
 Q - the +0 pair of gloves "Wubreodgh" (worn) {Str+4}
   (You found it on level 9 of the Dungeon)

   Str:       It affects your strength (+4).
Magical Staves
 S - a staff of air {rElec}
   (You found it in an ice cave)
 X - a staff of conjuration
   (You found it on level 2 of the Dungeon)
Jewellery
 y - the amulet "Tupoecvola" (around neck) {RegenMP Dex+5}
   (You acquired it on level 1 of the Dungeon)

   [amulet of magic regeneration]

   It increases your rate of magic regeneration.
   Dex:       It affects your dexterity (+5).
 C - a ring of protection from cold {rC+, !d}
   (You found it on level 8 of the Dungeon)
 F - a ring of protection from fire (left hand) {rF+, !d}
   (You found it on level 11 of the Dungeon)
 W - a ring of willpower (right hand)
   (You found it on level 11 of the Dungeon)
Wands
 d - a wand of digging (2)
   (You took it off Maurice on level 2 of the Orcish Mines)
 h - a wand of acid (7)
   (You found it on level 3 of the Dungeon)
 j - a wand of polymorph (5)
   (You found it in an ice cave)
 p - a wand of paralysis (5)
   (You found it on level 7 of the Dungeon)
 q - a wand of flame (20)
   (You found it on level 5 of the Dungeon)
 t - a wand of roots (27)
   (You found it on level 4 of the Dungeon)
Scrolls
 e - 2 scrolls of enchant weapon
 f - 5 scrolls of torment {!r}
 g - a scroll of fog
 n - a scroll of enchant armour
 o - 2 scrolls of amnesia
 r - 3 scrolls of identify {@r1}
 E - 2 scrolls of fear
 K - 2 scrolls of immolation {!r}
 V - a scroll of vulnerability {!r!r}
 Y - 8 scrolls of teleportation {@r3}
Potions
 m - 3 potions of cancellation
 B - 2 potions of brilliance
 D - 6 potions of attraction {!q}
 H - a potion of haste
 J - a potion of curing {@q1}
 L - 2 potions of flight
 M - 3 potions of might
 P - 2 potions of lignification {!q}
 R - 2 potions of resistance
 T - a potion of berserk rage {!q}
 U - 2 potions of mutation {!q}
Miscellaneous
 l - a condenser vane
   (You found it in an ice cave)
 A - a piece from Xom's chessboard (15/15)
   (You found it on level 8 of the Dungeon)


   Skills:
 - Level 5.0 Fighting
 - Level 10.0 Short Blades
 - Level 0.8 Throwing
 - Level 0.7 Armour
 - Level 5.0 Dodging
 - Level 15.0 Stealth
 * Level 2.6 Spellcasting
 * Level 1.2 Conjurations
 - Level 14.1 Hexes
 - Level 8.8 Translocations
 - Level 5.0 Ice Magic
 - Level 7.3 Air Magic
 - Level 6.0 Evocations


You had 4 spell levels left.
You knew the following spells:

 Your Spells              Type           Power      Damage    Failure   Level
a - Vhi's Electric Charg  Tloc/Air       76%        N/A       4%          3
b - Cause Fear            Hex            30%        N/A       1%          4
c - Ensorcelled Hibernat  Hex/Ice        90%        N/A       1%          2
d - Frozen Ramparts       Ice            50%        1d8       12%         3
e - Dazzling Flash        Conj/Hex       74%        N/A       4%          3

Your spell library contained the following spells:

 Spells                   Type           Power      Damage    Failure   Level
 Blink                    Tloc           84%        N/A       1%          2
 Lesser Beckoning         Tloc           84%        N/A       1%          2
 Gell's Gravitas          Tloc           42%        N/A       3%          3
 Teleport Other           Tloc           42%        N/A       3%          3
 Inner Flame              Hex/Fire       34%        N/A       5%          3
 Summon Guardian Golem    Hex/Summ       34%        N/A       5%          3
 Swiftness                Air            35%        N/A       5%          3
 Manifold Assault         Tloc           42%        N/A       9%          4
 Magic Dart               Conj           32%        1d4       17%         1
 Cigotuvi's Dreadful Rot  Necr/Pois/Air  26%        N/A       17%         2
 Mephitic Cloud           Conj/Pois/Air  15%        N/A       26%         3
 Iskenderun's Mystic Bla  Conj/Tloc      25%        2d7       34%         4
 Call Imp                 Summ           2%         N/A       38%         2
 Passwall                 Tmut/Erth      1%         N/A       38%         2
 Spider Form              Tmut/Pois      2%         N/A       61%         3
 Ice Form                 Ice/Tmut       14%        N/A       67%         4
 Summon Ice Beast         Ice/Summ       14%        N/A       67%         4
 Dispel Undead            Necr           2%         3d7       94%         4
 Irradiate                Conj/Tmut      2%         3d12      99%         5
 Discord                  Hex            30%        N/A       99%         8
 Blade Hands              Tmut           1%         N/A       100%        5
 Death Channel            Necr           1%         N/A       100%        6
 Starburst                Conj/Fire      2%         6d3       100%        6
 Dragon Form              Tmut           1%         N/A       100%        7
 Orb of Destruction       Conj           4%         9d5       100%        7
 Spellforged Servitor     Conj/Summ      2%         N/A       100%        7
 Storm Form               Tmut/Air       9%         N/A       100%        7
 Necromutation            Tmut/Necr      1%         N/A       100%        8


Dungeon Overview and Level Annotations

Branches:
Dungeon (12/15) Zot: 25696  Temple (1/1) D:6 Zot: 5983    Lair (2/5) D:8 Zot: 10756
 Shoals (0/4) Lair:2          Orc (2/2) D:12 Zot: 10727     Elf (0/3) Orc:2
Ossuary (visited)           IceCv (visited)
  Snake: Lair:2-3    Spider: Lair:2-3

Altars:
Ashenzari
Cheibriados
Dithmenos
Elyvilon
Fedhas
Gozag
Hepliaklqana
Kikubaaqudgha
Makhleb
Nemelex Xobeh
Okawaru
Qazlal
Ru
Sif Muna
Trog
Uskayaw
Vehumet
Wu Jian
Xom
Yredelemnul
Zin
The Shining One

Shops:
D:6 [   D:8 *

Annotations:
D:2 exclusion: 2 gnolls
D:4 2 transporters, sirJeffrey23's ghost, amateur TeCj
D:6 1 runed translucent door, lunkers's ghost, novice MeFi
D:9 3 runed translucent doors, Psyche; Zonian's ghost, novice VSBr
D:11 2 transporters, yumyumyeen's ghost, journeyman GnHu
Lair:2 Harold


Innate Abilities, Weirdness & Mutations

You have razor-sharp teeth.
Your natural rate of healing is unusually fast.
When hurt, damage is shared between your health and your magic reserves.
Your bite disrupts and absorbs the magic of your enemies.
Potions cannot restore your health.
Your spells are a little harder to cast, but a little more powerful.
You passively dampen the noise of your surroundings.


Message History

You slice the ogre!! You bite the ogre.
You kill the ogre!
The orc wizard hits you but does no damage.
Uskayaw will force your foes to helplessly watch your dance.
Uskayaw prepares the audience for your solo!
The helpless orc wizard fails to defend itself.
You slice the orc wizard!!
You kill the orc wizard!
No target in view!
Things that are here:
a +0 scimitar; a +0 plate armour; a +2 short sword of freezing
Things that are here:
a +0 morningstar; an orc corpse
Things that are here:
a +0 dagger; a +0 robe
Things that are here:
a +0 giant club; an ogre corpse An ogre comes into view.
It is wielding a +0 giant club.
The ogre shouts!
You see here 10 gold pieces.
You slash the ogre! You bite the ogre. You drain its power.
The ogre closely misses you.
You slash the ogre! Your bite misses the ogre.
The ogre hits you with a +0 giant club!
You take 8 damage, and have 64/72 hp.
You now have 17/19 mp.
You slash the ogre!
You kill the ogre!
You regained 2 hp, and now have 66/72 hp.
No target in view!
You now have 824 gold pieces (gained 10).
You see here a +0 giant club.
A two-headed ogre comes into view.
It is wielding two +0 giant spiked clubs.
Health restored: 72; MP restored: 20 2 ogres come into view.
The ogre shouts!
The two-headed ogre shouts in stereo!
You hear a shout!
The ogre moves out of view.
A two-headed ogre comes into view.
It is wielding a +0 giant spiked club and a +0 giant club.
A two-headed ogre and 2 ogres come into view.
The two-headed ogre shouts in stereo!
The ogre shouts!
You hear a shout! x2
An ogre comes into view. It is wielding a +0 giant spiked club.
A two-headed ogre comes into view. It is wielding two +0 giant clubs.
A two-headed ogre comes into view.
It is wielding a +0 giant spiked club and a +0 great mace.
The ogre moves out of view.
An ogre comes into view. It is wielding a +0 giant club.
The two-headed ogre shouts in stereo! x2; You hear a shout!
An ogre comes into view. It is wielding a +0 giant spiked club.
An ogre comes into view. It is wielding a +0 giant club.
The ogre shouts!
You slash the two-headed ogre!
You bite the two-headed ogre, but do no damage.
You hear a shout! x4
The two-headed ogre hits you with a +0 giant spiked club! x2
An ogre mage comes into view. It is wielding a +0 halberd.
An ogre mage comes into view. It is wielding a +0 club.
You take 20 damage, and have 52/72 hp.
MASSIVE DAMAGE!!
You now have 16/20 mp.
The ogre attacks as you move away! The ogre hits you with a +0 giant club!
You take 3 damage, and have 49/72 hp.
You now have 14/20 mp.
You regained 2 hp, and now have 51/72 hp.
You regained 2 hp, and now have 54/72 hp.
You regained 2 hp, and now have 56/72 hp.
You regained 2 hp, and now have 58/72 hp.
You slash the two-headed ogre!
You feel better.
Your bite misses the two-headed ogre.
The two-headed ogre hits you with a +0 giant spiked club!
The two-headed ogre barely misses you.
You take 7 damage, and have 51/72 hp.
You now have 16/20 mp.
You slash the two-headed ogre!
You feel better.
You bite the two-headed ogre. You drain its power.
You feel invigorated. The two-headed ogre misses you.
The two-headed ogre hits you with a +0 giant spiked club.
You regained 9 hp, and now have 60/72 hp.
You barely miss the two-headed ogre. You bite the two-headed ogre.
You drain its power.
You feel invigorated. The two-headed ogre barely misses you.
The two-headed ogre closely misses you.
You regained 3 hp, and now have 63/72 hp.
MP restored: 20 You slash the two-headed ogre!
Your bite misses the two-headed ogre. The two-headed ogre barely misses you.
The two-headed ogre closely misses you.
You can now pass through a line of other dancers.
You regained 2 hp, and now have 65/72 hp.
You hit the two-headed ogre.
You feel better.
You bite the two-headed ogre, but do no damage.
The two-headed ogre hits you with a +0 giant spiked club!!
The two-headed ogre barely misses you.
The two-headed ogre hits you with a +0 giant spiked club! x2
An ogre comes into view. It is wielding a +0 giant club.
You take 32 damage, and have 33/72 hp.
MASSIVE DAMAGE!!
You now have 11/20 mp.
The two-headed ogre attacks as you move away!
The two-headed ogre misses you.
The two-headed ogre hits you with a +0 giant spiked club!!
* * * LOW HITPOINT WARNING * * *
You take 13 damage, and have 20/72 hp.
You now have 8/20 mp.
Unknown command.
The two-headed ogre hits you with a +0 giant spiked club!!
* * * LOW HITPOINT WARNING * * *
The two-headed ogre hits you with a +0 giant spiked club!
You die...

###.##..........###..###...#
* ####....................#*
#...#...............#*
##.#..........#.#.###
*#........#^.OO.....#
#.........###OOO...##
#...##.....#OOOOOO.#
##........).#O#O#.##
*#.##......@#.####
*.,,#...........#*
**.......#.......#
*#.......#...#.##
###....###.#### ###.#* ###
##*


You could see 3 two-headed ogres and 6 ogres.

Vanquished Creatures
  Azrael (Orc:2)
  An ogre mage (D:10)
  3 two-headed ogres
  An orc high priest (Orc:1)
  Sonja (D:10)
  Nergalle (D:12)
  2 bog bodies (IceCv)
  A lindwurm (Lair:2)
  A manticore (D:12)
  3 cyclopes
  A black mamba (Lair:2)
  An ice statue (IceCv)
  Maurice (Orc:2)
  3 cane toads (Lair:1)
  A kobold demonologist (D:8)
  3 komodo dragons
  2 anaconda simulacra (IceCv)
  4 trolls
  3 hornets
  10 slime creatures (D:12)
  A shadow (D:10)
  4 wyverns
  A vampire (D:11)
  A dire elephant simulacrum (IceCv)
  5 death yak simulacra
  34 yaks
  2 fire elementals (Orc:2)
  A steam dragon (D:8)
  Menkaure (D:7)
  2 harpy simulacra (IceCv)
  2 wargs (Orc:1)
  6 water moccasins
  A hydra simulacrum (IceCv)
  4 hell hounds (Orc:2)
  An ice beast (D:7)
  15 orc warriors
  3 sky beasts
  7 ogres
  A black bear (D:5)
  6 centaurs
  3 phantoms
  9 kobold brigands
  3 elf zombies (Ossuary)
  A gnoll sergeant (D:10)
  A necrophage (D:5)
  4 bullfrogs
  2 scorpions
  3 two-headed ogre simulacra (IceCv)
  2 cane toad simulacra (IceCv)
  3 wights (D:8)
  An elephant simulacrum (IceCv)
  19 killer bees
  9 howler monkeys
  2 electric eels (D:7)
  3 bullfrog zombies (D:5)
  3 jellies
  3 hounds
  10 orc priests
  A scorpion zombie (D:5)
  5 iguanas
  24 orc wizards
  5 polar bear simulacra
  8 spriggan simulacra (IceCv)
  4 troll simulacra (IceCv)
  A wolf simulacrum (IceCv)
  5 mummies
  7 gnolls
  3 adders
  7 naga simulacra (IceCv)
  2 shadow imps (D:8)
  7 white imps (IceCv)
  2 ufetubi
  3 adder zombies
  A worm (D:5)
  2 dart slugs
  72 orcs
  9 ball pythons
  6 endoplasms
  A giant cockroach (D:4)
  A gnoll zombie (Ossuary)
  4 goblins
  4 hobgoblins
  3 jackals (D:1)
  41 kobolds
  2 quokkas
  6 bats
  5 frilled lizards
  2 goblin zombies
  3 jackal zombies (Ossuary)
  10 kobold skeletons (D:8)
  9 kobold zombies
  An orc zombie (D:4)
  6 rats
  A rat zombie (Ossuary)
496 creatures vanquished.

Vanquished Creatures (others)
  2 kobolds (D:9)
  7 fungi
  10 plants
19 creatures vanquished.

Grand Total: 515 creatures vanquished

Notes
Turn   | Place    | Note
-------+----------+-------------------------------------------
     0 | D:1      | sokol815 the Vine Stalker Warper began the quest for the
                  | Orb.
     0 | D:1      | Reached XP level 1. HP: 11/11 MP: 4/4
   163 | D:1      | Identified a scroll of acquirement
   163 | D:1      | Acquired the amulet "Tupoecvola" {RegenMP Dex+5}
   283 | D:1      | Reached skill level 1 in Stealth
   336 | D:1      | Reached skill level 2 in Fighting
   336 | D:1      | Reached skill level 2 in Short Blades
   336 | D:1      | Reached XP level 2. HP: 15/15 MP: 6/6
   339 | D:1      | Found a faded altar of an unknown god.
   643 | D:1      | Reached skill level 2 in Stealth
   862 | D:2      | Reached XP level 3. HP: 9/18 MP: 7/7
  1771 | D:3      | Reached skill level 3 in Stealth
  1811 | D:3      | Learned a level 3 spell: Vhi's Electric Charge
  1840 | D:3      | Reached skill level 2 in Dodging
  1840 | D:3      | Gained mutation: Your natural rate of healing is unusually
                  | fast. [Vine Stalker growth]
  1840 | D:3      | Reached XP level 4. HP: 23/23 MP: 8/8
  2189 | D:4      | Found a sand-covered staircase.
  2194 | Ossuary  | Entered an ossuary
  2247 | Ossuary  | Reached skill level 4 in Stealth
  2247 | Ossuary  | Reached XP level 5. HP: 27/27 MP: 7/9
  2299 | Ossuary  | Reached XP level 6. HP: 26/32 MP: 10/10
  2303 | Ossuary  | Reached skill level 5 in Stealth
  2327 | Ossuary  | Reached skill level 3 in Fighting
  2327 | Ossuary  | Reached skill level 3 in Short Blades
  2695 | D:4      | Reached skill level 6 in Stealth
  2695 | D:4      | Reached XP level 7. HP: 21/36 MP: 11/11
  2755 | D:4      | Reached skill level 3 in Dodging
  2891 | D:4      | Found a transporter.
  3064 | D:4      | Found a transporter.
  3079 | D:4      | Noticed sirJeffrey23's ghost (amateur TeCj)
  3149 | D:5      | Entered Level 5 of the Dungeon
  3313 | D:5      | Reached skill level 7 in Stealth
  3390 | D:5      | Gained mutation: You have razor-sharp teeth. [Vine Stalker
                  | growth]
  3390 | D:5      | Reached XP level 8. HP: 25/42 MP: 8/12
  3405 | D:5      | Reached skill level 4 in Fighting
  3405 | D:5      | Reached skill level 4 in Short Blades
  3496 | D:5      | Reached skill level 8 in Stealth
  3849 | D:5      | Found a glowing golden altar of the Shining One.
  3893 | D:5      | Reached skill level 4 in Dodging
  4305 | D:5      | Got Cynuxkyn's Opusculum on Hyperbolic Vicissitude
  4411 | D:6      | Found Bot Bug's Antique Armour Shoppe.
  4476 | D:6      | Found a staircase to the Ecumenical Temple.
  4477 | D:6      | Found a runed translucent door.
  4485 | Temple   | Entered the Ecumenical Temple
  4493 | Temple   | Became a worshipper of Uskayaw the Reveller
  4606 | D:6      | Found a burning altar of Makhleb.
  4672 | D:6      | Reached * piety under Uskayaw
  4677 | D:6      | Reached ** piety under Uskayaw
  4686 | D:6      | Reached *** piety under Uskayaw
  4688 | D:6      | Reached skill level 5 in Fighting
  4689 | D:6      | Reached **** piety under Uskayaw
  4696 | D:6      | Reached skill level 5 in Short Blades
  4696 | D:6      | Reached ***** piety under Uskayaw
  4702 | D:6      | Reached XP level 9. HP: 45/47 MP: 13/13
  4823 | D:6      | Noticed lunkers's ghost (novice MeFi)
  5304 | D:6      | Reached skill level 5 in Dodging
  5335 | D:6      | Reached skill level 6 in Short Blades
  5371 | D:7      | Noticed Menkaure
  5405 | D:7      | Found an opulent altar of Gozag.
  5411 | D:7      | Killed Menkaure
  5412 | D:7      | Reached skill level 7 in Short Blades
  5577 | D:7      | Reached skill level 8 in Short Blades
  5634 | D:7      | Found a basalt altar of Yredelemnul.
  5882 | D:7      | Found a radiant altar of Vehumet.
  5916 | D:7      | Reached skill level 9 in Short Blades
  5916 | D:7      | Reached XP level 10. HP: 51/51 MP: 14/14
  6430 | D:8      | Found Orakhleh's General Store.
  6438 | D:8      | Bought a scarf of invisibility for 132 gold pieces
  6492 | D:8      | Found a staircase to the Lair.
  6513 | D:8      | HP: 12/51 [komodo dragon (11)]
  6523 | D:8      | Reached skill level 1 in Evocations
  6954 | D:8      | Reached skill level 9 in Stealth
  6954 | D:8      | Reached skill level 2 in Evocations
  6962 | D:8      | Reached skill level 3 in Evocations
  7044 | D:8      | Found a white marble altar of Elyvilon.
  7046 | D:8      | Found a shimmering altar of Xom.
  7047 | D:8      | Found a stormy altar of Qazlal.
  7260 | D:8      | Found an ancient bone altar of Kikubaaqudgha.
  7260 | D:8      | Noticed a kobold demonologist
  7292 | D:8      | Noticed a soul eater
  7308 | D:8      | Killed a kobold demonologist
  7309 | D:8      | Reached skill level 10 in Stealth
  7357 | D:8      | Reached ****** piety under Uskayaw
  7366 | D:8      | Reached skill level 4 in Evocations
  7615 | D:8      | HP: 12/51 [killer bee (4)]
  7698 | D:9      | Found a runed translucent gate.
  7698 | D:9      | Found a runed translucent gate.
  7698 | D:9      | Found a runed translucent gate.
  7723 | D:9      | Reached skill level 1 in Air Magic
  7731 | D:9      | Reached XP level 11. HP: 42/55 MP: 15/15
  7732 | D:9      | Reached skill level 2 in Air Magic
  7760 | D:9      | Noticed Zonian's ghost (novice VSBr)
  7789 | D:9      | Reached skill level 10 in Short Blades
  7803 | D:9      | Noticed Psyche
  7846 | D:9      | Found a snail-covered altar of Cheibriados.
  7855 | D:9      | Reached skill level 11 in Stealth
  7915 | D:9      | Reached skill level 5 in Evocations
  7966 | D:9      | Reached skill level 3 in Air Magic
  8199 | D:9      | Reached skill level 4 in Air Magic
  8283 | D:9      | Identified the +0 pair of gloves "Wubreodgh" {Str+4}
  8673 | D:10     | Entered Level 10 of the Dungeon
  8686 | D:10     | Noticed a two-headed ogre
  8798 | D:10     | Reached skill level 6 in Evocations
  8907 | D:10     | Found a bloodstained altar of Trog.
  8966 | D:10     | Reached skill level 12 in Stealth
  9187 | D:10     | Found a shimmering blue altar of Sif Muna.
  9187 | D:10     | Found a sacrificial altar of Ru.
  9204 | D:10     | Noticed Sonja
  9207 | D:10     | Noticed an ogre mage
  9210 | D:10     | Killed Sonja
  9215 | D:10     | Killed an ogre mage
  9216 | D:10     | Reached skill level 4 in Translocations
  9216 | D:10     | Reached skill level 5 in Air Magic
  9323 | D:10     | Killed a two-headed ogre
  9324 | D:10     | Reached skill level 13 in Stealth
  9340 | D:10     | Reached XP level 12. HP: 36/60 MP: 16/16
  9565 | D:10     | Found a blossoming altar of Fedhas.
  9589 | D:10     | Gained mutation: Your spells are a little harder to cast,
                  | but a little more powerful. [potion of mutation]
  9589 | D:10     | Gained mutation: You passively dampen the noise of your
                  | surroundings. [potion of mutation]
  9644 | D:10     | Acquired a manual of Hexes
  9790 | D:11     | Reached skill level 1 in Hexes
  9925 | D:11     | Found a transporter.
  9928 | D:11     | Noticed yumyumyeen's ghost (journeyman GnHu)
  9939 | D:11     | Found a transporter.
  9953 | D:11     | Reached skill level 2 in Hexes
  9958 | D:11     | Learned a level 4 spell: Cause Fear
 10074 | D:11     | Noticed a two-headed ogre
 10083 | D:11     | Killed a two-headed ogre
 10084 | D:11     | Reached skill level 3 in Hexes
 10394 | D:11     | Noticed a two-headed ogre
 10401 | D:11     | Killed a two-headed ogre
 10402 | D:11     | Reached skill level 4 in Hexes
 10402 | D:11     | Reached skill level 5 in Translocations
 11039 | Lair:1   | Entered Level 1 of the Lair of Beasts
 11340 | Lair:1   | HP: 14/60 [poisoned by a cane toad]
 11341 | Lair:1   | HP: 2/60 [poisoned by a cane toad]
 11522 | Lair:1   | Reached skill level 14 in Stealth
 11522 | Lair:1   | Reached skill level 5 in Hexes
 11550 | Lair:1   | HP: 14/60 [poisoned by a cane toad]
 11551 | Lair:1   | HP: 6/60 [cane toad (3)]
 11557 | Lair:1   | Reached skill level 6 in Air Magic
 11711 | Lair:1   | Noticed a seven-headed hydra
 11781 | Lair:2   | Found a frozen archway.
 11799 | IceCv    | Entered an ice cave
 11865 | IceCv    | Reached skill level 6 in Hexes
 12290 | IceCv    | Reached skill level 7 in Hexes
 12309 | IceCv    | Reached skill level 6 in Translocations
 12312 | IceCv    | Reached skill level 15 in Stealth
 12312 | IceCv    | Reached skill level 8 in Hexes
 12346 | IceCv    | Reached skill level 13 in Hexes
 12346 | IceCv    | Reached XP level 13. HP: 63/63 MP: 17/17
 12347 | IceCv    | Reached skill level 14 in Hexes
 12347 | IceCv    | Reached skill level 7 in Translocations
 12347 | IceCv    | Reached XP level 14. HP: 68/68 MP: 18/18
 12612 | Lair:2   | Noticed Harold
 12613 | Lair:2   | Upgraded the game from 0.30-a0-723-gc1506a1cf0 to
                  | 0.30-a0-726-gd89dcf765f
 12633 | Lair:2   | Reached skill level 8 in Translocations
 12652 | Lair:2   | HP: 14/68 [elephant (5)]
 12654 | Lair:2   | HP: 6/68 [poisoned by a water moccasin]
 12754 | Lair:1   | Learned a level 2 spell: Ensorcelled Hibernation
 12758 | Lair:1   | Learned a level 3 spell: Frozen Ramparts
 13190 | D:12     | Reached skill level 1 in Ice Magic
 13348 | D:12     | Found a staircase to the Orcish Mines.
 13573 | D:12     | Reached skill level 2 in Ice Magic
 13699 | D:12     | Reached XP level 15. HP: 41/72 MP: 13/19
 13876 | D:12     | Reached skill level 3 in Ice Magic
 14034 | D:12     | Noticed Nergalle
 14097 | D:12     | Killed Nergalle
 14504 | Orc:1    | Entered Level 1 of the Orcish Mines
 14618 | Orc:1    | Reached skill level 4 in Ice Magic
 14690 | Orc:1    | Reached skill level 7 in Air Magic
 14741 | Orc:1    | HP: 18/72 [red devil/+0 trident[an orc high priest] (6)]
 15299 | Orc:2    | Entered Level 2 of the Orcish Mines
 15343 | Orc:2    | Found a flickering gateway to a bazaar.
 15343 | Orc:2    | Noticed Azrael
 15386 | Orc:2    | Killed Azrael
 15387 | Orc:2    | Found a staircase to the Elven Halls.
 15418 | Bazaar   | Entered a bazaar
 15418 | Bazaar   | Found Ipegyaq's Antique Weapon Shoppe.
 15418 | Bazaar   | Found Vuqor's Magic Scroll Boutique.
 15418 | Bazaar   | Found Yrchetajy's Weapon Shoppe.
 15418 | Bazaar   | Found Ybirut's Magic Scroll Shop.
 15420 | Bazaar   | Found Efyogod's Weapon Shop.
 15457 | Bazaar   | Bought a scroll of enchant weapon for 90 gold pieces
 15457 | Bazaar   | Bought a scroll of enchant armour for 90 gold pieces
 15457 | Bazaar   | Bought a scroll of enchant weapon for 90 gold pieces
 15460 | Bazaar   | Bought a +0 rapier of electrocution for 144 gold pieces
 15466 | Bazaar   | Bought a glowing dagger for 130 gold pieces
 15466 | Bazaar   | Bought a twisted scimitar for 234 gold pieces
 15466 | Bazaar   | Identified the +6 scimitar "Miobamuo" {vamp, rElec Str+4}
                  | (You bought it in a shop in a bazaar)
 15502 | Orc:2    | Noticed Maurice
 15554 | Orc:1    | Reached skill level 5 in Ice Magic
 15650 | Orc:2    | Learned a level 3 spell: Dazzling Flash
 15732 | Orc:2    | Killed Maurice
 15856 | Orc:2    | Reached skill level 1 in Conjurations
 15962 | Orc:2    | HP: 18/72 [two-headed ogre/+0 giant spiked club (15)]
 15963 | Orc:2    | HP: 7/72 [two-headed ogre/+0 giant spiked club (15)]
 15963 | Orc:2    | Slain by a two-headed ogre

Illustrated notes

Levels and vault maps discovered:
D:1:      dpeg_arrival_lava_temple_mockup, layout_loops_cross,
          shapermc_ecumenical_altar_starsandcircs, hex_medium,
          kennysheep_crisscross
D:2:      layout_loops_ring
D:3:      layout_loops_ring
D:4:      wander_river, layout_loops_ring, nicolae_ossuary_entry_giza,
          gammafunk_ghost_gnarly_gnolls
D:5:      layout_basic, tso_oasis_becter, serial_undead, serial_undead_e,
          serial_undead_d, serial_undead_c, serial_undead_b
D:6:      layout_basic, lightli_temple_of_fire,
          minmay_temple_entry_purple_smoke, serial_shops, nicolae_stop_n_shop_1,
          ebering_ghost_reflecting_pool
D:7:      layout_loops_ring, amcnicky_altar_gilded,
          mainiacjoe_overflow_chevrons, grunt_gozag_breadcrumbs,
          grunt_ministairs_2, water_boxes_lemuel, uniq_menkaure
D:8:      wander_kiku_kobolds, layout_gridville,
          gammafunk_temple_overflow_forgotten, david_lair_shrubbed,
          serial_shops, nicolae_shop_statue_plus,
          hangedman_abyss_or_decor_clamps, hellmonk_bongcloud_opening
D:9:      layout_long_grid, mainiacjoe_overflow_small_starburst,
          gammafunk_ghost_icy, uniq_psyche
D:10:     layout_cave_pods, gammafunk_temple_overflow_statue,
          lemuel_doored_altar, lemuel_round_altar, minmay_misc_feat_square,
          minmay_librarian, uniq_sonja
D:11:     layout_stronghold, gammafunk_ghost_stat_death,
          nicolae_fountain_basement
D:12:     layout_layer_cave, david_orc_3, uniq_nergalle
Temple:   hellmonk_temple_rainy
Lair:1:   beast_lair_carwin_large_2, layout_gridlike
Lair:2:   layout_small_grid, nicolae_shoals_entry_roost,
          portal_ice_cave_entry_ice_simulacra, nicolae_lair_lindhole,
          uniq_harold
Orc:1:    layout_caves, bh_open_orc_temple
Orc:2:    st_orc_ogre_mass, layout_caves, serial_shops, bzr_entry_water,
          uniq_azrael, uniq_maurice

Skill      XL: |  1  2  3  4  5  6  7  8  9 10 11 12 13 14 15 |
---------------+----------------------------------------------+-----
Stealth        | 1 2 3 4 6 7 8 10 13 15 | 15.0
Fighting       | 2 3 5 |  5.0
Short Blades   | 2 3 5 9 10 | 10.0
Dodging        | 2 3 4 5 |  5.0
Evocations     | 4 6 |  6.0
Air Magic      | 1 5 6 7 |  7.3
Translocations | 4 6 7 8 |  8.8
Hexes          | 13 14 | 14.1
Ice Magic      | 2 5 |  5.0
Conjurations   | 1 |  1.2
Throwing       | |  0.8
Armour         | |  0.7
Spellcasting   | |  2.6

Action                     |  1- 3 |  4- 6 |  7- 9 | 10-12 | 13-15 || total
---------------------------+-------+-------+-------+-------+-------++-------
  Melee: Short sword       |   120 |   183 |   238 |   938 |   431 ||  1910
         Bite              |    32 |    64 |   117 |   377 |   238 ||   828
         Punch             |     2 |     1 |     1 |    17 |     7 ||    28
         Rapier            |       |       |    61 |       |       ||    61
         Scimitar          |       |       |       |       |    33 ||    33
         Dagger            |       |       |       |       |    31 ||    31
  Throw: Stone             |     1 |       |       |    52 |       ||    53
         Dart              |       |       |       |     9 |       ||     9
   Cast: Cause Fear        |       |       |       |       |     1 ||     1
         Ensorcelled Hiber |       |       |       |       |     3 ||     3
 Invoke: Stomp             |       |       |       |     3 |       ||     3
         Line Pass         |       |       |       |     5 |     4 ||     9
  Evoke: Wand              |       |       |    11 |     9 |       ||    20
    Use: Scroll            |     6 |     9 |     8 |    16 |     3 ||    42
         Potion            |       |       |       |     7 |     3 ||    10
   Stab: Sleeping          |     4 |     5 |    11 |    25 |    17 ||    62
         Distracted        |       |       |     1 |       |     2 ||     3
         Paralysed         |       |       |     6 |    38 |    19 ||    63
         Confused          |       |       |       |     2 |     1 ||     3
         Petrifying        |       |       |       |     1 |       ||     1
 Armour: Leather armour    |     6 |       |       |       |       ||     6
         Ring mail         |    21 |    44 |    77 |   118 |       ||   260
         Robe              |       |       |       |    48 |    26 ||    74
         Scale mail        |       |       |       |    18 |    38 ||    56
         Troll leather arm |       |       |       |       |    71 ||    71
  Dodge: Dodged            |    74 |    55 |   153 |   356 |   270 ||   908

Table legend: (Time is in decaauts)
 A = Elapsed time spent in this place.
 B = Non-inter-level travel time spent in this place.
 C = Inter-level travel time spent in this place.
 D = Time resting spent in this place.
 E = Time spent auto-exploring this place.
 F = Levels seen in this place.
 G = Mean time per level.
                   A        B        C        D        E       F      G
               +--------+--------+--------+--------+--------+-----+--------+
         Total |  15193 |  13974 |   1219 |    496 |   9971 |  20 |  759.7 |
       Dungeon |  11800 |  10773 |   1027 |    295 |   8264 |  12 |  983.3 |
        Temple |     16 |      8 |      8 |      0 |      0 |   1 |   16.0 |
          Lair |   1243 |   1234 |      9 |    172 |    704 |   2 |  621.5 |
  Orcish Mines |   1271 |   1097 |    174 |     13 |    600 |   2 |  635.5 |
        Bazaar |     58 |     58 |      0 |      0 |     33 |   1 |   58.0 |
       Ossuary |    271 |    271 |      0 |      0 |     84 |   1 |  271.0 |
      Ice Cave |    531 |    531 |      0 |     16 |    286 |   1 |  531.0 |
               +--------+--------+--------+--------+--------+-----+--------+

Top non-repeatable levels by time:
     D:8: 1328 daAuts
    D:12: 1303 daAuts
     D:5: 1242 daAuts
    D:10: 1188 daAuts
     D:7: 1074 daAuts
     D:9: 1063 daAuts
  Lair:1: 950 daAuts
    D:11: 890 daAuts
     D:6: 856 daAuts
   Orc:1: 819 daAuts
     D:1: 782 daAuts
     D:2: 723 daAuts
     D:4: 697 daAuts
     D:3: 650 daAuts
   IceCv: 531 daAuts

Table legend:
 A = Kills in this place as a percentage of kills in entire the game.
 B = Kills by you in this place as a percentage of kills by you in the entire game.
 C = Kills by friends in this place as a percentage of kills by friends in the entire game.
 D = Other kills in this place as a percentage of other kills in the entire game.
 E = Experience gained in this place as a percentage of experience gained in the entire game.
 F = Experience gained in this place divided by the number of levels of this place that you have seen.
                   A       B       C       D       E      F
               +-------+-------+-------+-------+-------+----------------------
         Total | 100.0 | 100.0 |   N/A |   N/A | 100.0 | 2235.1
       Dungeon |  69.0 |  69.0 |   N/A |   N/A |  63.8 | 2377.3
          Lair |   3.4 |   3.4 |   N/A |   N/A |   8.9 | 1985.5
  Orcish Mines |  14.1 |  14.1 |   N/A |   N/A |  15.1 | 3376.0
       Ossuary |   3.2 |   3.2 |   N/A |   N/A |   0.8 | 369.0
      Ice Cave |  10.3 |  10.3 |   N/A |   N/A |  11.4 | 5081.0
               +-------+-------+-------+-------+-------+----------------------
